 Dungeon Crawl Stone Soup version 0.25-a0-420-g1cc7eeb0d1 (webtiles) character file.

Game seed: 7177800371882411123, levelgen mode: deterministic

77 Hasart the Slasher (level 4, 0/34 HPs)
             Began as a Vampire Gladiator on Jan 18, 2020.
             Slain by an orc
             ... wielding a +0 hand axe
              (4 damage)
             ... on level 2 of the Dungeon.
             The game lasted 00:03:13 (1012 turns).

Hasart the Slasher (Vampire Gladiator)              Turns: 1012, Time: 00:03:14

Health: 0/34       AC:  4    Str: 13    XL:     4   Next: 13%
Magic:  4/4        EV: 13    Int: 11    God:
Gold:   63         SH:  4    Dex: 15    Spells: 3/3 levels left

rFire    . . .     SeeInvis +   a - +0 long sword
rCold    . . .     Gourm    .   e - +0 buckler
rNeg     . . .     Faith    .   b - +0 leather armour
rPois    .         Spirit   .   c - +0 helmet
rElec    .         Reflect  .   (no cloak)
rCorr    .         Harm     .   (no gloves)
MR       .....                  (no boots)
Stlth    ++........             (no amulet)
HPRegen  0.31/turn              (no ring)
MPRegen  0.09/turn              (no ring)

@: regenerating quickly
A: no food, fangs 3, see invisible, unbreathing
a: Exsanguinate


You were on level 2 of the Dungeon.
You were alive.

You visited 1 branch of the dungeon, and saw 2 of its levels.

You collected 63 gold pieces.

Inventory:

Hand Weapons
 a - a +0 long sword (weapon)
Missiles
 d - 3 throwing nets (quivered)
Armour
 b - a +0 leather armour (worn)
 c - a +0 helmet (worn)
 e - a +0 buckler (worn)
Jewellery
 j - an uncursed ring of flight
 m - an uncursed amulet of faith {unknown}
 n - a +3 ring of protection
Scrolls
 f - 2 scrolls of identify {unknown}
 g - 2 scrolls of magic mapping {unknown}
 h - a scroll of noise {unknown}
 i - a scroll of random uselessness {unknown}
 k - a scroll of blinking {unknown}
 l - 2 scrolls of remove curse {unknown}


   Skills:
 + Level 2.3 Fighting
 * Level 3.8 Long Blades
 - Level 1.5 Throwing
 + Level 3.8 Dodging
 + Level 2.3 Stealth
 + Level 0.5 Shields


You had 3 spell levels left.
You didn't know any spells.
Your spell library was empty.

Dungeon Overview and Level Annotations

Branches:
Dungeon (2/15)

Altars:
Nemelex Xobeh


Innate Abilities, Weirdness & Mutations

You do not eat.
Your natural rate of healing is unusually fast.
You have razor-sharp teeth.
You have supernaturally acute eyesight. (SInv)
You can survive without breathing.


Message History

The orc priest hits you.
You closely miss the orc priest.
The orc priest is heavily wounded.
The orc priest hits you but does no damage.
You block the orc's attack.
Unknown command.
You hit the orc priest.
The orc priest is almost dead.
The orc priest mumbles some strange prayers to Beogh against you.
Beogh smites you! The orc barely misses you.
The orc hits you but does no damage. The orc priest hits you.
The orc priest calls down the wrath of Beogh upon you.
Beogh smites you!
* * * LOW HITPOINT WARNING * * *
The orc hits you with a +0 dagger.
* * * LOW HITPOINT WARNING * * *
You completely miss the orc priest. Your bite misses the orc priest.
The orc priest is almost dead.
The orc hits you with a +0 hand axe.
You die...

.....###..............
..............##......
...................... .
###.....#......#.#....
..###.....#......#.#....
...........#####.#
.................#
............######
.......@oo......
#.....#oo.....#.#
#.....#o≈o..≈.# . #+###
#o......# .. #.......#
#... #.......# #...
#.≈...≈.# #... #.......#
.#... .....


You could see 2 orc priests and 5 orcs.

Vanquished Creatures
  2 adders (D:2)
  An ooze (D:1)
  2 dart slugs (D:1)
  3 leopard geckos
  6 bats
  A giant cockroach (D:1)
  5 goblins
  9 hobgoblins
  3 jackals (D:1)
  A frilled lizard (D:1)
  6 kobolds
  5 rats
44 creatures vanquished.

Notes
Turn   | Place    | Note
-------+----------+-------------------------------------------
     0 | D:1      | Hasart the Vampire Gladiator began the quest for the Orb.
     0 | D:1      | Reached XP level 1. HP: 16/16 MP: 1/1
    95 | D:1      | Reached skill level 1 in Stealth
   110 | D:1      | Reached XP level 2. HP: 22/22 MP: 2/2
   435 | D:1      | Reached XP level 3. HP: 27/27 MP: 3/3
   816 | D:2      | Reached XP level 4. HP: 31/33 MP: 4/4
   975 | D:2      | Found a sparkling altar of Nemelex Xobeh.
  1012 | D:2      | Slain by an orc

Levels and vault maps discovered:
D:1:      dpeg_arrival_pond, layout_rooms, minmay_small_reverse_x
D:2:      cheibrodos_pilgrimage, layout_basic, marbit_many_paths,
          grunt_ministairs_10, minmay_pentomino_pile

Skill      XL: |  1  2  3 |
---------------+----------+-----
Stealth        | 1 2 |  2.3
Fighting       | 2 |  2.3
Long Blades    | |  3.8
Throwing       | |  1.5
Dodging        | |  3.8
Shields        | |  0.5

Action                   |  1- 3 |  4- 6 || total
-------------------------+-------+-------++-------
Melee: Long sword        |    98 |    15 ||   113
       Bite              |    13 |     1 ||    14
 Stab: Sleeping          |     2 |       ||     2
Armor: Leather armour    |    31 |     5 ||    36
Dodge: Dodged            |    71 |    10 ||    81
Block: Buckler           |    15 |     6 ||    21
       Rpst.: Long sword |    21 |     4 ||    25

Table legend:
 A = Non-vault XP
 B = Vault XP
 C = Vault XP percentage of total XP
 D = Non-vault monster count
 E = Vault monster count
 F = Vault count percentage of total count
                 A         B        C        D         E       F
            +---------+---------+-------+---------+---------+-------
      Total |      69 |      41 |  37.3 |      30 |      14 |  31.8
            +---------+---------+-------+---------+---------+-------
        D:1 |      52 |      13 |  20.0 |      26 |       4 |  13.3
        D:2 |      17 |      28 |  62.2 |       4 |      10 |  71.4
            +---------+---------+-------+---------+---------+-------
